 Dungeon Sprint DCSS version 0.31-a0-18-gea43df2a32 (webtiles) character file.

Game seed: 13604810618368741161

46 sircluck the Ruffian (level 3, -3/39 HPs)
             Began as a Troll Berserker on May 11, 2023.
             Was a Believer of Trog.
             Slain by Crazy Yiuf
             ... wielding a +4 quarterstaff of chaos
              (6 damage)
             ... in the Dungeon (Sprint III: "The Ten Rune Challenge").
             The game lasted 00:00:18 (70 turns).

sircluck the Ruffian (Troll Berserker)                Turns: 70, Time: 00:00:19

Health: -3/39      AC:  4    Str: 27    XL:     3   Next: 46%
Magic:  2/2        EV: 10    Int:  3    God:    Trog [**....]
Gold:   0          SH:  0    Dex:  9    Spells: 2/2 levels left

rFire   . .          .
                       - Unarmed
rCold   . . .        (no shield)
rNeg    . . .        a - +0 animal skin
rPois   .            (helmet restricted)
rElec   .            (no cloak)
rCorr   .            (gloves unavailable)
SInv    .            (boots unavailable)
Will    .....        (no amulet)
Stlth   +            (no ring)
HPRegen 1.06/turn    (no ring)
MPRegen 0.08/turn

%: no teleportation
@: lethally poisoned (-3 -> -29)
A: large, unfitting armour, claws 3, regeneration 1, shaggy fur 1, tough skin 1
a: Renounce Religion, Berserk, Trog's Hand


You were in the Dungeon.
You worshipped Trog.
Trog was pleased with you.
You visited 1 branch

Inventory:

Armour
 a - a +0 animal skin (worn)
Scrolls
 g - a scroll of blinking
 h - a scroll of immolation {unknown}
Potions
 b - a potion of curing
 c - a potion of heal wounds
 d - a potion of haste
 e - 2 potions of magic
 f - a potion of berserk rage
 i - a potion of cancellation {unknown}


   Skills:
 + Level 4.0 Fighting
 + Level 4.0 Dodging
 + Level 5.1 Unarmed Combat


You had 2 spell levels left.
You didn't know any spells.
Your spell library was empty.

Dungeon Overview and Level Annotations

Branches:
Dungeon (1/1)

Altars:

Annotations:
D Crazy Yiuf


Innate Abilities, Weirdness & Mutations

You are too large for most types of armour.
You have claws for hands.
Your natural rate of healing is unusually fast.
You are covered in fur. (AC +1)
You have tough skin. (AC +1)


Message History

You claw the human!
The human is severely wounded.
The human closely misses you.
You claw the human!
You kill the human!
Trog accepts your kill.
Your Fighting skill increases to level 4!
Your Dodging skill increases to level 4!
Your Unarmed Combat skill increases to level 5!
You see here a human corpse.
You start resting.
HP restored.
Crazy Yiuf the Enlightened comes into view.
He is wielding a +4 quarterstaff of chaos.
Crazy Yiuf shouts!
You claw Crazy Yiuf!
Crazy Yiuf is heavily wounded.
Crazy Yiuf completely misses you.
You barely miss Crazy Yiuf.
Crazy Yiuf is heavily wounded.
Crazy Yiuf barely misses you.
You barely miss Crazy Yiuf.
Crazy Yiuf is heavily wounded.
You barely miss Crazy Yiuf.
Crazy Yiuf is heavily wounded.
Crazy Yiuf closely misses you.
You barely miss Crazy Yiuf.
Crazy Yiuf is heavily wounded.
Crazy Yiuf hits you with a +4 quarterstaff of chaos!
You are poisoned.
You scratch Crazy Yiuf.
Crazy Yiuf is severely wounded.
You feel very sick.
Crazy Yiuf hits you with a +4 quarterstaff of chaos!
You are lethally poisoned!
You scratch Crazy Yiuf.
Crazy Yiuf is almost dead.
* * * LOW HITPOINT WARNING * * *
You feel extremely sick.
Crazy Yiuf hits you with a +4 quarterstaff of chaos.
You die...

▓▓▓▓ ▓▓▓▓▓▓▓ ▓<.#
+..... ▓..#
#....♣♣♣
▓#'####......♣
▓.....#....~♣♣
▓.....#g..~~.♣....#
▓.....#@.~~~~.♣.♣.+
▓####'#..~≈≈~~~♣..#
▓..).†#.~~≈~~~....#
▓.....#.~≈~~~.....#
▓.....#.~~~.......#
▓'#####...........#
▓.........†.......#
▓▓▓▓▓▓▓▓▓▓▓▓▓▓▓▓▓▓▓


You could see Crazy Yiuf.

Vanquished Creatures
  Jessica (D)
  A human (D)
  An endoplasm (D)
  2 rats (D)
5 creatures vanquished.

Notes
Turn   | Place    | Note
-------+----------+-------------------------------------------
     0 | D        | sircluck the Troll Berserker began the quest for the Orb.
     0 | D        | Reached XP level 1. HP: 22/22 MP: 0/0
    15 | D        | Noticed Jessica
    16 | D        | Reached ** piety under Trog
    20 | D        | Killed Jessica
    21 | D        | Reached skill level 4 in Unarmed Combat
    21 | D        | Reached XP level 2. HP: 30/31 MP: 1/1
    21 | D        | Reached XP level 3. HP: 35/37 MP: 2/2
    50 | D        | Reached skill level 5 in Unarmed Combat
    60 | D        | Noticed Crazy Yiuf
    70 | D        | Slain by Crazy Yiuf

Illustrated notes

Levels and vault maps discovered:
D:        dungeon_sprint_mu [sprint_mu_entry_forest, sprint_mu_temple_rooms,
          sprint_mu_d1_horrors, sprint_mu_d2_genie, sprint_mu_d3_branching,
          sprint_mu_orc_legion, sprint_mu_elf_gauntlet, sprint_mu_hive_nellie,
          sprint_mu_lair_fedhas, sprint_mu_vaults_butterflies,
          sprint_mu_slime_circle, sprint_mu_swamp_cave, sprint_mu_shoals_kraken,
          sprint_mu_blade_basic, sprint_mu_crypt_chambers,
          sprint_mu_tomb_spiral, sprint_mu_vestibule_basic,
          sprint_mu_gehenna_hellfire, sprint_mu_dis_giant,
          sprint_mu_tartarus_statrot, sprint_mu_cocytus_islands, sprint_mu_zot1]

Skill      XL: |  1  2  3 |
---------------+----------+-----
Fighting       | 3 4 |  4.0
Dodging        | 3 4 |  4.0
Unarmed Combat | 4 5 |  5.1

Action                     || total
---------------------------++-------
  Melee: Unarmed           ||    21
         Punch             ||     1
 Armour: Animal skin       ||     2
  Dodge: Dodged            ||     8

Table legend: (Time is in decaauts)
 A = Elapsed time spent in this place.
 B = Non-inter-level travel time spent in this place.
 C = Inter-level travel time spent in this place.
 D = Time resting spent in this place.
 E = Time spent auto-exploring this place.
 F = Levels seen in this place.
 G = Mean time per level.
                   A        B        C        D        E       F      G
               +--------+--------+--------+--------+--------+-----+--------+
         Total |     68 |     68 |      0 |      4 |     22 |   1 |   68.0 |
       Dungeon |     68 |     68 |      0 |      4 |     22 |   1 |   68.0 |
               +--------+--------+--------+--------+--------+-----+--------+

Top non-repeatable levels by time:
       D: 68 daAuts
